General information
- name: BNet
- type: Ladder team game (AT/RT)
- host: Battle.net
- saver: CarryMe2Victory
map: GolemsInTheMist
- players: 8
- length: 38:35
- speed: Fast
- version: 1.28 W3XP
- replay type: Public
» download(313 KB)
Players
team 1 (loser)
PleaseNO (
red | 55 APM | 2112 actions | 38:33)
7 Paladin
3 Holy Light
3 Divine Shield
1 Resurrection
2 Archmage
1 Brilliance Aura
1 Blizzard
» actions
| Assign group hotkey | 34 | |
| Basic commands | 19 | |
| Build / train | 84 | |
| Enter build submenu | 33 | |
| Enter hero's abilities submenu | 9 | |
| Give item / drop item | 1 | |
| Remove unit from queue | 9 | |
| Right click | 1165 | |
| Select / deselect | 336 | |
| Select group hotkey | 316 | |
| Use ability | 106 | |
2112 total
» units
| Peasant | 8 | |
| Rifleman | 18 | |
| Goblin Shredder | 1 | |
| Gryphon Rider | 3 | |
30 total
» upgrades
| Lumber Harvesting | 1 | |
| Masonry | 3 | |
| Gunpowder | 3 | |
| Long Rifles | 1 | |
| Storm Hammers | 1 | |
| Swords | 1 | |
| Armor | 1 | |
| Animal War Training | 1 | |
12 total
» buildings
| Barracks | 1 | |
| Farm | 7 | |
| Altar of Kings | 1 | |
| Lumber Mill | 2 | |
| Blacksmith | 1 | |
| Keep | 1 | |
| Scout Tower | 13 | |
| Arcane Vault | 2 | |
| Guard Tower | 8 | |
| Castle | 1 | |
| Gryphon Aviary | 3 | |
| Orc Burrow | 1 | |
41 total
» build order
02:24 Barracks
02:29 Farm
02:43 Altar of Kings
03:25 Farm
04:04 Lumber Mill
04:33 Blacksmith
04:35 Farm
04:43 Farm
06:58 Keep
07:24 Farm
07:25 Farm
09:11 Scout Tower
09:12 Scout Tower
09:13 Scout Tower
09:13 Scout Tower
09:14 Scout Tower
09:16 Scout Tower
09:29 Scout Tower
09:30 Scout Tower
09:38 Arcane Vault
09:43 Farm
10:00 Guard Tower
10:16 Guard Tower
10:22 Guard Tower
10:32 Guard Tower
11:46 Guard Tower
12:05 Arcane Vault
12:21 Scout Tower
12:30 Scout Tower
12:32 Scout Tower
12:51 Lumber Mill
13:37 Guard Tower
14:42 Guard Tower
15:15 Scout Tower
15:16 Scout Tower
15:39 Castle
17:38 Guard Tower
17:44 Gryphon Aviary
17:49 Gryphon Aviary
20:03 Gryphon Aviary
34:24 Orc Burrow
» items
| Scroll of Regeneration | 1 | |
| Scroll of Town Portal | 3 | |
| Lesser Clarity Potion | 5 | |
| Staff of Sanctuary | 1 | |
| Tiny Great Hall | 1 | |
| Orb of Lightning | 1 | |
12 total
clinzin (
teal | 26 APM | 1018 actions | 38:33)
5 Paladin
3 Devotion Aura
1 Holy Light
1 Divine Shield
3 Archmage
1 Summon Water Elemental
2 Brilliance Aura
» actions
| Assign group hotkey | 30 | |
| Basic commands | 65 | |
| Build / train | 97 | |
| Enter build submenu | 33 | |
| Enter hero's abilities submenu | 8 | |
| Give item / drop item | 2 | |
| Remove unit from queue | 6 | |
| Right click | 461 | |
| Select / deselect | 201 | |
| Select group hotkey | 58 | |
| Use ability | 57 | |
1018 total
» units
| Peasant | 15 | |
| Footman | 13 | |
| Sorceress | 7 | |
| Priest | 5 | |
| Spell Breaker | 5 | |
| Knight | 12 | |
| Gryphon Rider | 7 | |
64 total
» upgrades
| Masonry | 1 | |
| Lumber Harvesting | 1 | |
| Plating | 1 | |
| Swords | 3 | |
| Animal War Training | 1 | |
| Storm Hammers | 1 | |
| Armor | 1 | |
9 total
» buildings
| Farm | 12 | |
| Barracks | 1 | |
| Altar of Kings | 1 | |
| Arcane Vault | 1 | |
| Town Hall | 3 | |
| Scout Tower | 6 | |
| Arcane Tower | 1 | |
| Lumber Mill | 1 | |
| Guard Tower | 3 | |
| Keep | 1 | |
| Blacksmith | 1 | |
| Castle | 1 | |
| Arcane Sanctum | 1 | |
| Gryphon Aviary | 1 | |
34 total
» build order
00:37 Farm
00:59 Barracks
01:54 Altar of Kings
01:58 Arcane Vault
02:05 Farm
05:59 Farm
06:36 Town Hall
06:42 Scout Tower
06:47 Scout Tower
06:53 Scout Tower
07:03 Farm
07:08 Farm
07:14 Farm
07:16 Arcane Tower
07:26 Lumber Mill
07:35 Scout Tower
07:46 Farm
08:30 Scout Tower
08:35 Guard Tower
09:01 Guard Tower
09:16 Farm
09:49 Keep
10:22 Farm
10:27 Scout Tower
11:28 Guard Tower
12:36 Blacksmith
12:38 Castle
12:45 Arcane Sanctum
14:19 Gryphon Aviary
22:30 Farm
33:23 Farm
36:14 Town Hall
36:33 Town Hall
38:11 Farm
» items
| Scroll of Regeneration | 1 | |
| Scroll of Town Portal | 1 | |
2 total
Juergen (
green | 54 APM | 1849 actions | 33:58)
6 Tauren Chieftain
2 Endurance Aura
3 War Stomp
1 Reincarnation
3 Shadow Hunter
2 Healing Wave
1 Hex
» actions
| Assign group hotkey | 43 | |
| Build / train | 103 | |
| Enter build submenu | 26 | |
| Enter hero's abilities submenu | 9 | |
| Give item / drop item | 2 | |
| Remove unit from queue | 3 | |
| Right click | 612 | |
| Select / deselect | 463 | |
| Select group hotkey | 417 | |
| Use ability | 171 | |
1849 total
» units
| Peon | 10 | |
| Troll Headhunter/Berserker | 23 | |
| Goblin Shredder | 1 | |
| Goblin Zeppelin | 1 | |
| Shaman | 9 | |
| Wind Rider | 3 | |
| Kodo Beast | 1 | |
48 total
» upgrades
| Ranged Weapons | 3 | |
| Armor | 3 | |
| Troll Regeneration | 1 | |
| Berserker Upgrade | 1 | |
| Shaman Training | 2 | |
| Reinforced Defenses | 1 | |
| Envenomed Spears | 1 | |
| War Drums Damage Increase | 1 | |
13 total
» buildings
| Altar of Storms | 1 | |
| Orc Burrow | 11 | |
| War Mill | 2 | |
| Barracks | 2 | |
| Voodoo Lounge | 2 | |
| Stronghold | 1 | |
| Great Hall | 2 | |
| Fortress | 1 | |
| Spirit Lodge | 2 | |
| Watch Tower | 2 | |
| Beastiary | 2 | |
28 total
» build order
00:15 Altar of Storms
00:21 Orc Burrow
00:52 War Mill
01:09 Barracks
01:41 Orc Burrow
02:28 Barracks
02:58 Voodoo Lounge
03:37 Orc Burrow
05:15 Orc Burrow
06:44 Stronghold
10:48 Great Hall
11:01 Great Hall
11:10 Orc Burrow
13:46 Fortress
14:38 Spirit Lodge
14:41 Spirit Lodge
17:39 Orc Burrow
18:16 Orc Burrow
19:24 Orc Burrow
20:06 Watch Tower
20:10 Watch Tower
22:15 Beastiary
22:44 Beastiary
31:31 Voodoo Lounge
32:37 War Mill
32:45 Orc Burrow
32:53 Orc Burrow
33:10 Orc Burrow
» items
| Healing Salve | 7 | |
| Potion of Healing | 4 | |
| Scroll of Town Portal | 7 | |
| Potion of Mana | 3 | |
| Scroll of Regeneration | 2 | |
| Orb of Lightning | 1 | |
| Lesser Clarity Potion | 2 | |
26 total
team 2 (winner)
TRUMPS_A_RETARD (
blue | 54 APM | 2099 actions | 38:33)
8 Blademaster
1 Wind Walk
3 Critical Strike
3 Mirror Image
1 Bladestorm
» actions
| Basic commands | 6 | |
| Build / train | 132 | |
| Enter build submenu | 26 | |
| Enter hero's abilities submenu | 8 | |
| Give item / drop item | 2 | |
| Remove unit from queue | 6 | |
| Right click | 1267 | |
| Select / deselect | 515 | |
| Use ability | 137 | |
2099 total
» units
| Peon | 24 | |
| Grunt | 14 | |
| Troll Headhunter/Berserker | 25 | |
| Shaman | 15 | |
| Goblin Zeppelin | 1 | |
| Demolisher | -2 | |
77 total
» upgrades
| Pillage | 1 | |
| Spiked Barricades | 3 | |
| Melee Weapons | 3 | |
| Armor | 3 | |
| Berserker Strength | 1 | |
| Ranged Weapons | 3 | |
| Troll Regeneration | 1 | |
| Berserker Upgrade | 1 | |
| Shaman Training | 2 | |
| Reinforced Defenses | 1 | |
19 total
» buildings
| Altar of Storms | 1 | |
| Orc Burrow | 6 | |
| Barracks | 2 | |
| War Mill | 1 | |
| Voodoo Lounge | 1 | |
| Watch Tower | 6 | |
| Stronghold | 1 | |
| Great Hall | 2 | |
| Fortress | 1 | |
| Spirit Lodge | 1 | |
22 total
» build order
00:15 Altar of Storms
00:21 Orc Burrow
00:47 Barracks
01:45 Orc Burrow
03:31 War Mill
03:35 Barracks
03:42 Voodoo Lounge
04:25 Orc Burrow
05:09 Watch Tower
05:16 Watch Tower
06:58 Stronghold
07:05 Watch Tower
07:10 Watch Tower
08:05 Orc Burrow
08:44 Great Hall
08:55 Watch Tower
10:38 Watch Tower
12:06 Fortress
13:46 Spirit Lodge
15:31 Orc Burrow
15:37 Orc Burrow
28:36 Great Hall
» items
| Healing Salve | 3 | |
| Lesser Clarity Potion | 3 | |
| Scroll of Town Portal | 5 | |
| Potion of Healing | 1 | |
| Orb of Lightning | 1 | |
| Tiny Great Hall | 1 | |
| Potion of Mana | 1 | |
15 total

»
ROULIO10 (
purple | 20 APM | 784 actions | 38:33)
8 Death Knight
3 Unholy Aura
3 Death Coil
1 Death Pact
1 Animate Dead
6 Crypt Lord
2 Carrion Beetles
1 Impale
2 Spiked Carapace
1 Locust Swarm
» actions
| Basic commands | 17 | |
| Build / train | 109 | |
| Enter build submenu | 28 | |
| Enter hero's abilities submenu | 14 | |
| Right click | 249 | |
| Select / deselect | 284 | |
| Use ability | 83 | |
784 total
» units
| Acolyte | 17 | |
| Ghoul | 4 | |
| Crypt Fiend | 20 | |
| Frost Wyrm | 19 | |
60 total
» upgrades
| Creature Attack | 3 | |
| Creature Carapace | 3 | |
| Web | 1 | |
| Freezing Breath | 1 | |
8 total
» buildings
| Ziggurat | 11 | |
| Altar of Darkness | 1 | |
| Crypt | 1 | |
| Graveyard | 1 | |
| Tomb of Relics | 4 | |
| Halls of the Dead | 1 | |
| Black Citadel | 1 | |
| Sacrificial Pit | 1 | |
| Necropolis | 3 | |
| Spirit Tower | 6 | |
| Boneyard | 2 | |
32 total
» build order
00:10 Ziggurat
00:14 Altar of Darkness
00:44 Crypt
01:14 Graveyard
01:33 Ziggurat
01:41 Tomb of Relics
02:28 Ziggurat
04:19 Halls of the Dead
05:07 Ziggurat
06:36 Ziggurat
07:03 Black Citadel
11:00 Sacrificial Pit
11:55 Ziggurat
11:57 Ziggurat
12:01 Ziggurat
12:05 Ziggurat
12:17 Necropolis
12:25 Tomb of Relics
12:52 Spirit Tower
12:58 Spirit Tower
13:01 Spirit Tower
14:12 Boneyard
14:40 Necropolis
14:45 Tomb of Relics
14:51 Spirit Tower
17:33 Boneyard
20:00 Ziggurat
20:03 Ziggurat
20:07 Tomb of Relics
22:34 Spirit Tower
22:38 Spirit Tower
27:20 Necropolis
» items
| Rod of Necromancy | 2 | |
| Potion of Healing | 7 | |
| Scroll of Town Portal | 5 | |
| Orb of Corruption | 1 | |
15 total

»
KostasOlimp (
pink | 133 APM | 5141 actions | 38:33)
9 Demon Hunter
3 Evasion
3 Mana Burn
1 Metamorphosis
2 Immolation
4 Keeper of the Grove
2 Entangling Roots
2 Thorns Aura
» actions
| Assign group hotkey | 73 | |
| Basic commands | 580 | |
| Build / train | 129 | |
| Enter build submenu | 32 | |
| Enter hero's abilities submenu | 14 | |
| Give item / drop item | 1 | |
| Remove unit from queue | 13 | |
| Right click | 1684 | |
| Select / deselect | 990 | |
| Select group hotkey | 1369 | |
| Use ability | 256 | |
5141 total
» units
| Wisp | 31 | |
| Archer | 2 | |
| Huntress | 6 | |
| Druid of the Claw | 20 | |
| Dryad | 4 | |
| Hippogryph | 7 | |
| Faerie Dragon | 4 | |
| Goblin Zeppelin | 1 | |
75 total
» upgrades
| Strength of the Wild | 3 | |
| Reinforced Hides | 3 | |
| Druid of the Claw Training | 2 | |
| Upgrade Moon Glaive | 1 | |
| Mark of the Claw | 1 | |
| Nature's Blessing | 1 | |
| Ultravision | 1 | |
| Well Spring | 1 | |
| Abolish Magic | 1 | |
14 total
» buildings
| Moon Well | 8 | |
| Altar of Elders | 1 | |
| Ancient of War | 1 | |
| Hunter's Hall | 1 | |
| Ancient of Wonders | 1 | |
| Ancient Protector | 12 | |
| Tree of Ages | 1 | |
| Tree of Life | 3 | |
| Tree of Eternity | 1 | |
| Ancient of Lore | 2 | |
| Ancient of Wind | 1 | |
32 total
» build order
01:14 Moon Well
01:18 Altar of Elders
01:25 Ancient of War
02:36 Moon Well
02:58 Hunter's Hall
03:03 Ancient of Wonders
04:06 Ancient Protector
04:10 Ancient Protector
05:11 Moon Well
05:18 Tree of Ages
05:56 Ancient Protector
07:50 Tree of Life
08:15 Tree of Eternity
08:21 Ancient of Lore
09:32 Moon Well
10:34 Ancient of Lore
12:14 Moon Well
13:54 Moon Well
14:51 Moon Well
15:09 Moon Well
16:59 Ancient of Wind
17:25 Ancient Protector
25:58 Tree of Life
26:01 Ancient Protector
26:19 Ancient Protector
26:35 Ancient Protector
27:49 Ancient Protector
34:10 Tree of Life
35:43 Ancient Protector
35:45 Ancient Protector
35:48 Ancient Protector
36:00 Ancient Protector
» items
| Scroll of Town Portal | 4 | |
| Orb of Venom | 1 | |
| Potion of Healing | 1 | |
| Moonstone | 1 | |
7 total
Chat log
(00:22 / Allies) ROULIO10: HI
(01:01 / Allies) ROULIO10: RUSH ,?
(01:02 / Allies) TRUMPS_A_RETARD: i take mine
(01:04 / Allies) TRUMPS_A_RETARD: rush it
(01:05 / Allies) KostasOlimp: playin?
(01:06 / Allies) KostasOlimp: ok
(01:18 / Allies) ROULIO10: SHIT
(01:25 / Allies) ROULIO10: ok
(01:43 / All) KostasOlimp: orangeeeeeeee
(01:58 / Allies) CarryMe2Victory: I'm just here for a free win
(02:07 / Allies) KostasOlimp: what
(02:08 / Allies) ROULIO10: play free
(02:09 / Allies) KostasOlimp: cmon
(02:12 / Allies) KostasOlimp: play
(02:25 / Allies) KostasOlimp: help us
(02:27 / Allies) KostasOlimp: to end faster
(06:45 / Allies) TRUMPS_A_RETARD: rush red
(06:49 / Allies) TRUMPS_A_RETARD: niggers
(08:48 / Allies) CarryMe2Victory: damn... enemy raped us
(08:58 / Allies) CarryMe2Victory: even took our agility tome
(11:36 / Allies) KostasOlimp: b
(11:38 / Allies) KostasOlimp: tp
(11:39 / Allies) KostasOlimp: b
(11:39 / Allies) KostasOlimp: b
(11:40 / Allies) KostasOlimp: b
(12:48 / Allies) KostasOlimp: tp all
(12:52 / Allies) KostasOlimp: come all\
(15:46 / Allies) CarryMe2Victory: red and green coming up on our rear
(16:34 / Allies) KostasOlimp: b
(16:36 / Allies) KostasOlimp: me b
(16:36 / Allies) CarryMe2Victory: don't hero focus brah
(16:53 / Allies) CarryMe2Victory: now you can get it
(16:57 / Allies) CarryMe2Victory: or not
(17:05 / Allies) CarryMe2Victory: 2 pallies, hero focusing bad
(17:06 / Allies) KostasOlimp: yes
(18:10 / Allies) KostasOlimp: tp all?
(18:17 / Allies) TRUMPS_A_RETARD: go
(18:18 / Allies) KostasOlimp: tp tp
(18:57 / All) CarryMe2Victory: this nigga red going griffs
(19:32 / Allies) CarryMe2Victory: their only expansion
(19:56 / Allies) KostasOlimp: go go
(20:09 / Allies) CarryMe2Victory: green base sitll softer even with upgraded burrows
(20:36 / Allies) KostasOlimp: go go
(20:49 / All) CarryMe2Victory: I think my team wins this 3v3
(20:55 / All) CarryMe2Victory: More expos
(21:20 / Allies) KostasOlimp: tp
(21:21 / Allies) KostasOlimp: all
(21:22 / Allies) KostasOlimp: kil lshamans
(21:36 / All) CarryMe2Victory: gg massacre
(22:00 / Allies) CarryMe2Victory: soft base, few toewrs in a line
(22:01 / Allies) ROULIO10: go
(22:51 / All) CarryMe2Victory: Let's go boys
(23:15 / Allies) CarryMe2Victory: hang the wyrms back
(23:38 / Allies) CarryMe2Victory: red in the back
(24:07 / All) CarryMe2Victory: Econ advantage was too much, boys
(24:36 / All) clinzin: i had no idea off winning
(24:44 / All) CarryMe2Victory: T'Was 3v3
(24:47 / All) clinzin: nah
(24:52 / All) clinzin: i stopped all production
(24:55 / All) clinzin: took my peasents
(25:00 / All) CarryMe2Victory: You have bitch blood
(25:00 / All) clinzin: to the troll
(25:05 / All) clinzin: and killed him
(25:10 / All) clinzin: with peasents
(25:19 / All) CarryMe2Victory: You cost green and red victory, tsk
(25:25 / All) clinzin: since i dont have maphack ididnt know it was 3v3
(25:31 / All) clinzin: unlike u guys
(25:32 / All) CarryMe2Victory: That's why you scout
(25:40 / All) clinzin: who "win" with hacks
(25:49 / All) CarryMe2Victory: You think I was hacking?
(26:03 / All) CarryMe2Victory: They had sentry wards and I uesd goblin labs to scout
(26:51 / All) clinzin: well gg, it was 3 vs 2.5
(27:04 / All) clinzin: but u won a 3 vs 2.5, still better than nothing
(27:08 / All) CarryMe2Victory: Shamefur dispray
(27:18 / All) clinzin: by the 2 afks
(27:22 / All) CarryMe2Victory: By you
(27:25 / All) clinzin: our afk also is a map hacker
(27:27 / All) CarryMe2Victory: You have a weak heart
(27:31 / All) clinzin: no i dont lol
(27:41 / All) clinzin: i dont care for a game with cheats and imbalance
(27:46 / All) clinzin: i wait for a real game
(27:55 / All) CarryMe2Victory: When the enemy shows his might you fall into a fetal position
(27:57 / All) clinzin: im not winning/losing money
(28:01 / All) clinzin: so i dont care
(28:02 / All) CarryMe2Victory: You allow your enemy to subjugate you without fight!
(28:08 / All) CarryMe2Victory: You are a weak hearted coward!
(28:11 / All) clinzin: LOL
(28:12 / All) CarryMe2Victory: I call you WEAK HEART
(28:17 / All) clinzin: u have weak brain xD
(28:25 / All) CarryMe2Victory: You ran from a 3v3!
(28:31 / All) clinzin: i thought it was 3v4
(28:32 / All) CarryMe2Victory: That's a weak brain, and a weak heart!
(28:39 / All) clinzin: because i dont hack
(28:43 / All) CarryMe2Victory: Too weak brained to use goblin lab?
(28:52 / All) clinzin: too busy killing the afk
(28:57 / All) clinzin: i dont care for unfair games
(29:01 / All) clinzin: i told u
(29:05 / All) clinzin: but weak brain
(29:05 / All) CarryMe2Victory: Unfair? 3v3!
(29:08 / All) clinzin: too busy insulting
(29:15 / All) CarryMe2Victory: Coward! Yellow belly!
(29:16 / All) clinzin: it wasnt 3v3
(29:19 / All) clinzin: it was 2v3
(29:42 / All) CarryMe2Victory: You don't count of course, even with an army because you are a hermaphrodite
(30:02 / All) clinzin: lol do u even see what you're writing?
(30:09 / All) CarryMe2Victory: Truth, facts?
(30:10 / All) clinzin: aside from the fact it makes no sense
(30:20 / All) CarryMe2Victory: You are a weak hearted hermaphrodite
(30:30 / All) clinzin: you just called a person on the internet who u never met
(30:34 / All) clinzin: a hermaphrodite
(30:37 / All) CarryMe2Victory: You have a vagina
(30:50 / All) clinzin: lol im sorry for the lemons life has dealt you
(30:55 / All) clinzin: that made you become this person
(31:01 / All) clinzin: i wish you happiness in the future
(31:05 / All) CarryMe2Victory: I'm sorry you have a vagina and a micro cock to go with your weak heart
(31:09 / All) clinzin: which in turn might fix your personality
(31:25 / All) clinzin: again, im sorry for your life
(31:26 / All) CarryMe2Victory: A tiny cock but no balls, and a vagina you hermaphrodite
(31:56 / All) clinzin: i wont post it on youtube for your sake
(32:07 / All) clinzin: your life has been rough enough
(32:16 / All) CarryMe2Victory: For your own sake, for I have bested you in game and in the battle of wits
(32:25 / All) clinzin: words mean nothing :(
(32:38 / All) CarryMe2Victory: My strategic use of goblin lab has totally befuddled you!
(32:44 / All) clinzin: you just called someone u never met a hermaphrodite then claimed you won in wits
(32:52 / All) clinzin: irony
(33:04 / All) CarryMe2Victory: Indeed. You tiny cocked, vagina having, half-witted, weak-hearted, no-good!
(33:20 / All) clinzin: do your family use these words when talking to each other
(33:35 / All) CarryMe2Victory: Ask your mother, step-son
(33:37 / All) clinzin: i sure hope you arent a parent of a child
(33:43 / All) clinzin: teaching them to talk this way
(33:44 / All) CarryMe2Victory: Only a stepfather
(33:53 / All) CarryMe2Victory: Ask your mom when supper will be ready
(33:56 / All) clinzin: you can cause damage
(34:00 / All) clinzin: to this world
(34:02 / All) clinzin: by breeding
(34:09 / All) CarryMe2Victory: I want my steak on the table by the time I get home or I'm taking the belt to her again
(34:14 / All) ROULIO10: gg
(34:20 / All) clinzin: lol
(34:35 / All) clinzin: you got issues ^^
(34:44 / All) ROULIO10: 3 vs3
(34:51 / All) CarryMe2Victory: Your mom will have issues if she doesn't have a medium rare steak on the table
(34:53 / All) CarryMe2Victory: perfect temp
(34:56 / All) CarryMe2Victory: by the time I get home
(34:58 / All) clinzin: you got issues
(35:01 / All) CarryMe2Victory: I might brain her with a hammer
(35:09 / All) clinzin: u need to spend more time at a psychiatrist
(35:12 / All) CarryMe2Victory: I get drunk sometimes before noon, can't help my anger
(35:17 / All) clinzin: and less in a social environment
(36:09 / Allies) CarryMe2Victory: Gold plez, for searching
(36:26 / All) ROULIO10: hum,,,???
(37:15 / Allies) CarryMe2Victory: worker
(38:05 / Allies) CarryMe2Victory: worker
(38:23 / Allies) CarryMe2Victory: worker